 Dungeon Crawl Stone Soup version 0.27-a0-1182-gee19b5822f (webtiles) character file.

Game seed: 10281416419807302980

303 DasRunzen the Poker (level 5, -2/44 (45) HPs)
             Began as a Demigod Gladiator on May 18, 2021.
             Slain by a lemure (7 damage)
             ... led by Pikel
             ... on level 3 of the Dungeon.
             The game lasted 00:07:41 (3462 turns).

DasRunzen the Poker (Demigod Gladiator)             Turns: 3462, Time: 00:07:42

HP:   -2/44 (45)    AC:  5    Str: 15    XL:     5   Next: 91%
MP:   10/10         EV: 13    Int: 14    God:
Gold: 154           SH:  0    Dex: 15    Spells: 6/7 levels left

rFire    . . .     SeeInvis .   a - +0 trident
rCold    . . .     Faith    .   (no shield)
rNeg     . . .     Spirit   .   b - +0 leather armour
rPois    .         Reflect  .   c - +0 helmet
rElec    .         Harm     .   (no cloak)
rCorr    .         Rampage  .   e - +0 pair of gloves
Will     .....                  (no boots)
Stlth    +.........             (no amulet)
HPRegen  0.14/turn              (no ring)
MPRegen  0.12/turn              (no ring)

@: lightly drained
A: high mp 1, forlorn
a: no special abilities


You were on level 3 of the Dungeon.
You visited 1 branch of the dungeon, and saw 4 of its levels.

You collected 154 gold pieces.

Inventory:

Hand Weapons
 a - a +0 trident (weapon)
Missiles
 d - 3 throwing nets (quivered)
Armour
 b - a +0 leather armour (worn)
 c - a +0 helmet (worn)
 e - a +0 pair of gloves (worn)
 i - a scarf of shadows
Wands
 f - a wand of polymorph (7)
 l - a wand of flame (14)
Scrolls
 m - a scroll of fog
 n - a scroll of amnesia
 o - a scroll of teleportation
Potions
 h - 2 potions of heal wounds
 j - 2 potions of curing


   Skills:
 + Level 3.0 Fighting
 + Level 3.6 Polearms
 - Level 1.7 Throwing
 + Level 2.0 Armour
 + Level 3.5 Dodging
 + Level 1.5 Spellcasting
 + Level 1.8 Hexes


You had 6 spell levels left.
You knew the following spells:

 Your Spells              Type           Power      Damage    Failure   Level
a - Corona                Hex            6%         N/A       14%         1

Your spell library contained the following spells:

 Spells                   Type           Power      Damage    Failure   Level
 Slow                     Hex            6%         N/A       22%         2
 Animate Skeleton         Necr           2%         N/A       30%         1
 Apportation              Tloc           2%         N/A       30%         1
 Magic Dart               Conj           4%         1d3       30%         1
 Summon Small Mammal      Summ           4%         N/A       30%         1
 Blink                    Tloc           N/A        N/A       43%         2
 Call Imp                 Summ           1%         N/A       43%         2
 Conjure Flame            Conj/Fire      1%         6-21      67%         3
 Mephitic Cloud           Conj/Pois/Air  1%         N/A       67%         3


Dungeon Overview and Level Annotations

Branches:
Dungeon (4/15)
 Temple: D:4-7

Annotations:
D:4 Pikel


Innate Abilities, Weirdness & Mutations

Your attributes grow dramatically as you level up.
You have an increased reservoir of magic. (+10% MP)
You shall have no god before yourself.


Message History

You hit the lemure.
The lemure is severely wounded.
The howler monkey skeleton hits you but does no damage.
The lemure hits you. The howler monkey skeleton hits you.
You closely miss the lemure.
The lemure is severely wounded.
The lemure hits you!
The howler monkey skeleton hits you but does no damage.
You are too injured to fight recklessly!
The lemure hits you but does no damage. The endoplasm freezes you.
You are frozen.
The howler monkey skeleton closely misses you.
You climb upwards.
There is a stone staircase leading down, spattered with blood here.
You see here a +0 hand axe.
The lemure hits you.
* * * LOW HITPOINT WARNING * * *
The endoplasm freezes you.
You are frozen.
* * * LOW HITPOINT WARNING * * *
Things that are here:
a +0 short sword; a +0 leather armour; a +0 club The endoplasm freezes you.
You are frozen.
* * * LOW HITPOINT WARNING * * *
Things that are here:
4 boomerangs; a +0 dagger
There are monsters nearby!
You miss the lemure.
The lemure is severely wounded.
The lemure closely misses you. The lemure barely misses you.
You barely miss the lemure.
The lemure is severely wounded.
The lemure hits you.
* * * LOW HITPOINT WARNING * * *
You barely miss the lemure.
The lemure is severely wounded.
The lemure hits you!
You die...

#..................'...
#................###...
#................# #...
#................# #... #####
#................# #... #...#
#####............# #..[ #...#
#..##........# #... #...#
#...'........# #... #...#
##@##........# ####
#...#########5##.##'#####
#............J(#.##.#
#............).#.##.##########
#............>).............(.
####.###########'#############
#.##.......................
#.##...........#.######....
#.##...........#.# #....


You could see a lemure and an endoplasm.

Vanquished Creatures
  A hound (D:3)
  A centaur skeleton (D:4)
  Ijyb (D:3)
  An orc wizard (D:2)
  A hound skeleton (D:4)
  A howler monkey skeleton (D:4)
  4 gnolls
  4 adders
  4 worms
  3 dart slugs
  11 orcs
  4 ball pythons
  5 bats
  4 endoplasms
  3 giant cockroaches
  2 goblins (D:1)
  7 hobgoblins
  3 jackals (D:2)
  2 quokkas
  3 frilled lizards (D:1)
  5 kobolds
  5 rats
75 creatures vanquished.

Notes
Turn   | Place    | Note
-------+----------+-------------------------------------------
     0 | D:1      | DasRunzen the Demigod Gladiator began the quest for the
                  | Orb.
     0 | D:1      | Reached XP level 1. HP: 17/17 MP: 3/3
   193 | D:1      | Reached XP level 2. HP: 23/24 MP: 4/4
   834 | D:2      | Learned a level 1 spell: Corona
   866 | D:2      | Reached skill level 1 in Armour
   866 | D:2      | Reached XP level 3. HP: 29/29 MP: 5/5
  1412 | D:1      | Reached XP level 4. HP: 32/37 MP: 7/7
  1496 | D:2      | Reached skill level 1 in Hexes
  1648 | D:2      | Reached skill level 1 in Spellcasting
  1799 | D:3      | Noticed Ijyb
  1806 | D:3      | Killed Ijyb
  1985 | D:2      | Reached XP level 5. HP: 13/42 MP: 9/9
  3454 | D:4      | Noticed Pikel
  3462 | D:3      | Slain by a lemure

Illustrated notes

Levels and vault maps discovered:
D:1:      mushboom_english_gardens, layout_basic,
          hellmonk_ecumenical_altar_pennies_from_heaven, minmay_misc_feat_alley
D:2:      layout_basic
D:3:      layout_basic, grunt_qazlal_clouds, amcnicky_altar_gilded, uniq_ijyb
D:4:      layout_cave_pools, grunt_temple_overflow_champion_of_chaos,
          serial_shops, shop, uniq_grinder, uniq_pikel

Skill      XL: |  1  2  3  4  5 |
---------------+----------------+-----
Fighting       | 2 3 |  3.0
Polearms       | 3 |  3.6
Dodging        | 3 |  3.5
Armour         | 1 2 |  2.0
Hexes          | 1 |  1.8
Spellcasting   | 1 |  1.5
Throwing       | |  1.7

Action                   |  1- 3 |  4- 6 || total
-------------------------+-------+-------++-------
Melee: Trident           |   105 |   176 ||   281
 Cast: Corona            |     2 |       ||     2
  Use: Scroll            |     4 |     4 ||     8
 Stab: Sleeping          |     1 |     6 ||     7
Armor: Leather armour    |    24 |    62 ||    86
Dodge: Dodged            |    57 |   134 ||   191

Table legend: (Time is in decaauts)
 A = Elapsed time spent in this place.
 B = Non-inter-level travel time spent in this place.
 C = Inter-level travel time spent in this place.
 D = Time resting spent in this place.
 E = Time spent auto-exploring this place.
 F = Levels seen in this place.
 G = Mean time per level.
                   A        B        C        D        E       F      G
               +--------+--------+--------+--------+--------+-----+--------+
         Total |   3507 |   3421 |     86 |    665 |   2046 |   4 |  876.8 |
       Dungeon |   3507 |   3421 |     86 |    665 |   2046 |   4 |  876.8 |
               +--------+--------+--------+--------+--------+-----+--------+

Top non-repeatable levels by time:
     D:3: 1428 daAuts
     D:1: 1175 daAuts
     D:2: 857 daAuts
     D:4: 47 daAuts
